 Dungeon Crawl Stone Soup version 0.28.0 (webtiles) character file.

Game seed: 1155583711108729608

54 Arcadio the Sneak (level 3, 0/31 HPs)
             Began as a Naga Hedge Wizard on Feb 10, 2022.
             Shot with a stone by a goblin (5 damage)
             ... on level 2 of the Dungeon.
             The game lasted 00:05:56 (1881 turns).

Arcadio the Sneak (Naga Hedge Wizard)               Turns: 1881, Time: 00:05:58

Health: 0/31       AC:  2    Str: 12    XL:     3   Next: 91%
Magic:  0/7        EV:  9    Int: 16    God:
Gold:   75         SH:  0    Dex: 10    Spells: 3/8 levels left

rFire   . . .      SeeInvis +   a - +0 dagger
rCold   . . .      Faith    .   (no shield)
rNeg    . . .      Spirit   .   b - +0 robe
rPois   +          Reflect  .   c - +0 hat
rElec   .          Harm     .   (no cloak)
rCorr   .          Rampage  .   (no gloves)
Will    .....                   (no barding)
Stlth   ++........              (no amulet)
HPRegen 0.10/turn               (no ring)
MPRegen 0.10/turn               (no ring)

@: very slow
A: AC +1, large, see invisible, deformed body, poison resistance, slowness 2,
spit poison 1, naga tail 1
a: Spit Poison


You were on level 2 of the Dungeon.
You visited 1 branch of the dungeon, and saw 2 of its levels.

You collected 75 gold pieces.

Inventory:

Hand Weapons
 a - a +0 dagger (weapon)
Armour
 b - a +0 robe (worn)
 c - a +0 hat (worn)
Scrolls
 d - 3 scrolls of identify
Potions
 e - a potion of might
 f - a potion of lignification


   Skills:
 + Level 1.5 Fighting
 - Level 1.5 Dodging
 + Level 4.1 Stealth
 + Level 3.3 Spellcasting
 + Level 1.9 Conjurations
 - Level 1.0 Summonings
 - Level 1.0 Translocations


You had 3 spell levels left.
You knew the following spells:

 Your Spells              Type           Power      Damage    Failure   Level
a - Magic Dart            Conj           32%        1d4       9%          1
b - Blink                 Tloc           10%        N/A       19%         2
c - Call Imp              Summ           5%         N/A       19%         2

Your spell library contained the following spells:

 Spells                   Type           Power      Damage    Failure   Level
 Slow                     Hex            8%         N/A       19%         1
 Conjure Flame            Conj/Fire      5%         6-21      36%         3
 Dazzling Flash           Conj/Hex       10%        N/A       36%         3
 Mephitic Cloud           Conj/Pois/Air  4%         N/A       38%         3
 Agony                    Necr           2%         N/A       99%         5
 Silence                  Hex/Air        1%         N/A       99%         5


Dungeon Overview and Level Annotations

Branches:
Dungeon (2/15)

Altars:


Innate Abilities, Weirdness & Mutations

Your serpentine skin is tough. (AC +1)
You have supernaturally acute eyesight. (SInv)
Armour fits poorly on your strangely shaped body.
Your system is resistant to poisons. (rPois)
You cover ground very slowly.
You can spit poison.
You have a snake-like lower body.


Message History

The hobgoblin is severely wounded.
The hobgoblin hits you.
You hit the hobgoblin.
You kill the hobgoblin!
You now have 75 gold pieces (gained 15).
Items here: ( ) ††.
You see here a hobgoblin corpse.
You start resting.
A goblin comes into view. It is wielding a +0 dagger.
A goblin is nearby!
Casting: Magic Dart (safe; 9% risk of failure)
Confirm with . or Enter, or press ? or * to list all spells.
Aiming: Magic Dart (safe; 9% risk of failure)
Press: ? - help, Shift-Dir - straight line, f - goblin
Aim: a goblin, wielding a +0 dagger, wearing a +0 ring mail and quivering stones (100% to hit)
The magic dart hits the goblin but does no damage.
The goblin unwields a +0 dagger.
The goblin wields a +0 hunting sling.
The goblin shoots a stone.
The stone hits you.
Aiming: Spit Poison (2% risk of failure)
Press: ? - help, Shift-Dir - straight line, f - you, p - goblin
Okay, then.
The goblin shoots a stone.
The stone hits you.
* * * LOW HITPOINT WARNING * * *
You see here an adder corpse.
Aiming: Spit Poison (2% risk of failure)
Press: ? - help, Shift-Dir - straight line, f - you, p - goblin
Okay, then.
The goblin shoots a stone.
The stone barely misses you.
You see here a hobgoblin corpse.
The goblin shoots a stone.
The stone hits you.
* * * LOW HITPOINT WARNING * * *
Casting: Magic Dart (safe; 9% risk of failure)
Confirm with . or Enter, or press ? or * to list all spells.
Aiming: Magic Dart (safe; 9% risk of failure)
Press: ? - help, Shift-Dir - straight line, f/p - goblin
Aim: a goblin, wielding a +0 hunting sling, wearing a +0 ring mail and quivering stones (100% to hit)
The magic dart hits the goblin.
The goblin is moderately wounded.
The goblin shoots a stone.
The stone hits you.
You die...

. ###########....
####....)††....$..
##......[g##.......
###.###.........#
.#.....
................#
.# ##g.
#..#####........#
.. . #........# ..
#.......@# .#.
#........##.##
#...........
####.####..# ......
#..## #.. ......
##..# ### ......
##.# ...... #.#
..... #.#


You could see a goblin.

Vanquished Creatures
  An adder (D:2)
  A worm (D:2)
  A dart slug (D:1)
  3 endoplasms (D:1)
  A giant cockroach (D:1)
  2 goblins (D:1)
  4 hobgoblins
  6 kobolds
  3 quokkas
  3 ball pythons
  5 bats
  5 frilled lizards
  3 rats (D:1)
38 creatures vanquished.

Notes
Turn   | Place    | Note
-------+----------+-------------------------------------------
     0 | D:1      | Arcadio the Naga Hedge Wizard began the quest for the Orb.
     0 | D:1      | Reached XP level 1. HP: 15/15 MP: 4/4
   334 | D:1      | Reached XP level 2. HP: 24/24 MP: 0/6
   346 | D:1      | Learned a level 2 spell: Blink
   349 | D:1      | Learned a level 2 spell: Call Imp
   637 | D:1      | Reached skill level 1 in Fighting
   802 | D:1      | Reached XP level 3. HP: 31/31 MP: 3/7
  1735 | D:2      | Reached skill level 4 in Stealth
  1881 | D:2      | Shot with a stone by a goblin

Illustrated notes

Levels and vault maps discovered:
D:1:      lightli_arrival_boilingwater, layout_rooms
D:2:      layout_rooms, shapermc_ecumenical_altar_petra, minmay_octomino_j4

Skill      XL: |  1  2  3 |
---------------+----------+-----
Fighting       | 1 |  1.5
Stealth        | 4 |  4.1
Dodging        | |  1.5
Spellcasting   | |  3.3
Conjurations   | |  1.9
Summonings     | |  1.0
Translocations | |  1.0

Action                   || total
-------------------------++-------
Melee: Dagger            ||    38
       Punch             ||     2
 Cast: Magic Dart        ||    80
 Abil: Spit Poison       ||     6
  Use: Scroll            ||     2
 Stab: Sleeping          ||     1
Armor: Robe              ||    11
Dodge: Dodged            ||    30
